 Dungeon Crawl Stone Soup version 0.28-a0-664-gc179e30c89 (webtiles) character file.

Game seed: 425097708090951029

8 bande the Covered (level 2, -1/19 HPs)
             Began as a Gargoyle Fighter on Oct 17, 2021.
             Slain by a hobgoblin (3 damage)
             ... on level 1 of the Dungeon.
             The game lasted 00:00:35 (278 turns).

bande the Covered (Gargoyle Fighter)                 Turns: 278, Time: 00:00:36

Health: -1/19      AC:  9    Str: 19    XL:     2   Next: 8%
Magic:  2/2        EV:  6    Int:  8    God:
Gold:   6          SH:  4    Dex:  9    Spells: 1/1 levels left

rFire   . . .      SeeInvis .   a - +0 war axe
rCold   . . .      Faith    .   c - +0 buckler
rNeg    + . .      Spirit   .   b - +0 scale mail
rPois   ∞          Reflect  .   (no helmet)
rElec   +          Harm     .   (no cloak)
rCorr   .          Rampage  .   (no gloves)
Will    .....                   (no boots)
Stlth   ..........              (no amulet)
HPRegen 0.06/turn               (no ring)
MPRegen 0.08/turn               (no ring)

@: constricted
A: sickness immunity, AC +2, negative energy resistance 1, electricity
resistance, torment resistance 1, petrification resistance
a: no special abilities


You were on level 1 of the Dungeon.
You visited 1 branch of the dungeon, and saw 1 of its levels.

You collected 6 gold pieces.

Inventory:

Hand Weapons
 a - a +0 war axe (weapon)
Armour
 b - a +0 scale mail (worn)
 c - a +0 buckler (worn)
Potions
 d - a potion of might
 e - a potion of curing {unknown}


   Skills:
 + Level 3.3 Fighting
 + Level 2.1 Axes
 + Level 3.6 Armour
 + Level 3.3 Shields


You had one spell level left.
You didn't know any spells.
Your spell library was empty.

Dungeon Overview and Level Annotations

Branches:
Dungeon (1/15)

Altars:

Shops:
D:1 *


Innate Abilities, Weirdness & Mutations

You are immune to sickness and miasma.
Your stone body is resilient. (AC +2)
You are immune to poison.
You resist negative energy. (rN+)
You are resistant to electric shocks. (rElec)
You are resistant to unholy torment.
You are immune to petrification.


Message History

Your Axes skill increases to level 2!
You have reached level 2!
You hit the goblin but do no damage. You hit the ball python.
The bat hits you but does no damage. The goblin barely misses you.
The ball python bites you. The ball python grabs you.
The ball python constricts you. The goblin hits you with a +0 club.
Unknown command.
You slash the goblin!
You kill the goblin!
You closely miss the ball python. You block the bat's attack.
The ball python closely misses you. The ball python constricts you.
The ball python bites you but does no damage.
The ball python constricts you.
You closely miss the bat. You closely miss the ball python.
You barely miss the hobgoblin. The bat hits you.
The ball python barely misses you. The ball python constricts you.
The bat hits you but does no damage.
The hobgoblin hits you but does no damage.
The ball python closely misses you. The ball python constricts you.
You block the bat's attack.
You closely miss the bat. You hit the hobgoblin but do no damage.
You barely miss the ball python. The bat closely misses you.
The hobgoblin hits you but does no damage.
The ball python bites you. The ball python constricts you.
Unknown command.
You escape the ball python's grasp.
The bat barely misses you.
The hobgoblin hits you but does no damage.
The ball python bites you. The ball python barely misses you.
Things that are here:
a +0 club; a goblin corpse You closely miss the ball python.
The ball python is moderately wounded.
You barely miss the hobgoblin. The bat hits you. The hobgoblin hits you.
* * * LOW HITPOINT WARNING * * *
The ball python bites you.
* * * LOW HITPOINT WARNING * * *
The ball python grabs you. The ball python constricts you.
You block the ball python's attack. The ball python constricts you.
The hobgoblin hits you.
You die...

##...# ........ .#.
.### ....#.. ..J.
..... .....##....
.....# ............
#...##........... #..
#...#........... #...
#..g@S........#. ....
##.†..b.##...........
##.###..............
#..................
#####........#.....
##....#........
##........)....
#..............
###########
#........##....


You could see a hobgoblin, a bat and a ball python.

Vanquished Creatures
  An endoplasm (D:1)
  2 giant cockroaches (D:1)
  A goblin (D:1)
  2 hobgoblins (D:1)
6 creatures vanquished.

Notes
Turn   | Place    | Note
-------+----------+-------------------------------------------
     0 | D:1      | bande the Gargoyle Fighter began the quest for the Orb.
     0 | D:1      | Reached XP level 1. HP: 14/14 MP: 1/1
   142 | D:1      | Found Uqo Tibi's Assorted Antiques.
   273 | D:1      | Reached XP level 2. HP: 19/19 MP: 2/2
   278 | D:1      | Slain by a hobgoblin

Illustrated notes

Levels and vault maps discovered:
D:1:      mrwooster_arrival_statue, layout_rooms, serial_shops,
          nicolae_shop_trees

Skill      XL: |  1 |
---------------+----+-----
Axes           | 2 |  2.1
Fighting       | |  3.3
Armour         | |  3.6
Shields        | |  3.3

Action                   || total
-------------------------++-------
Melee: War axe           ||    19
Armor: Scale mail        ||    14
Dodge: Dodged            ||    18
Block: Buckler           ||     5

Table legend: (Time is in decaauts)
 A = Elapsed time spent in this place.
 B = Non-inter-level travel time spent in this place.
 C = Inter-level travel time spent in this place.
 D = Time resting spent in this place.
 E = Time spent auto-exploring this place.
 F = Levels seen in this place.
 G = Mean time per level.
                   A        B        C        D        E       F      G
               +--------+--------+--------+--------+--------+-----+--------+
         Total |    285 |    285 |      0 |      0 |    244 |   1 |  285.0 |
       Dungeon |    285 |    285 |      0 |      0 |    244 |   1 |  285.0 |
               +--------+--------+--------+--------+--------+-----+--------+

Top non-repeatable levels by time:
     D:1: 285 daAuts
